 Dungeon Crawl Stone Soup version 0.31-a0-325-g067879e3d3 (webtiles) character file.

Game seed: 7236704961222229413

5 Ofeo the Changeling (level 1, -1/16 HPs)
             Began as a Demonspawn Shapeshifter on July 18, 2023.
             Slain by a quokka (5 damage)
             ... on level 1 of the Dungeon.
             The game lasted 00:00:15 (132 turns).

Ofeo the Changeling (Demonspawn Shapeshifter)        Turns: 132, Time: 00:00:15

Health: -1/16      AC:  2    Str: 15    XL:     1   Next: 66%
Magic:  1/1        EV: 12    Int:  9    God:
Gold:   22         SH:  0    Dex: 13    Spells: 0/0 levels left

rFire   . .          .
                       - Unarmed
rCold   . . .        (no shield)
rNeg    . . .        a - +0 animal skin
rPois   .            (helmet currently unavailable)
rElec   .            (cloak currently unavailable)
rCorr   .            (gloves currently unavailable)
SInv    .            (boots currently unavailable)
Will    .....        (no amulet)
Stlth   +            (no ring)
HPRegen 0.22/turn    (no ring)
MPRegen 0.07/turn

%: no passive effects
@: beast-form
A: beast (slay +1)
a: Begin Untransformation


You were on level 1 of the Dungeon.
You were a hulking beast.
You visited 1 branch of the dungeon, and saw 1 of its levels.

You collected 22 gold pieces.

Inventory:

Armour
 a - a +0 animal skin (worn)
Talismans
 c - a beast talisman
Scrolls
 d - a scroll of identify {unknown}
 e - a scroll of brand weapon {unknown}
 f - a scroll of silence {unknown}
Potions
 b - a potion of lignification


   Skills:
 + Level 2.1 Fighting
 + Level 1.9 Dodging
 + Level 1.9 Unarmed Combat
 + Level 2.7 Shapeshifting


You couldn't memorise any spells.
You didn't know any spells.
Your spell library was empty.

Dungeon Overview and Level Annotations

Branches:
Dungeon (1/15)

Altars:


Message History

You hit the quokka.
The quokka is heavily wounded.
The ball python bites you but does no damage.
The ball python barely misses you. The quokka bites you.
You take 2 damage, and have 12/16 hp.
You hit the quokka.
The quokka is almost dead.
The ball python misses you. The ball python grabs you.
The ball python constricts you. The quokka bites you.
You take 2 damage, and have 10/16 hp.
You closely miss the ball python. The ball python bites you.
The ball python constricts you. The quokka barely misses you.
You take 2 damage, and have 8/16 hp.
You are too injured to fight recklessly!
You are too injured to fight recklessly!
You are too injured to fight recklessly!
You are too injured to fight recklessly!
You are too injured to fight recklessly!
You are too injured to fight recklessly!
You are too injured to fight recklessly!
There are monsters nearby!
There are monsters nearby!
You escape the ball python's grasp.
The ball python bites you. The ball python grabs you.
The ball python constricts you.
You take 1 damage, and have 7/16 hp.
You escape the ball python's grasp.
The ball python attacks as you move away!
The ball python closely misses you. x2; The quokka attacks as you move away!
The quokka bites you.
* * * LOW HITPOINT WARNING * * *
You take 3 damage, and have 4/16 hp.
The quokka attacks as you move away! The quokka closely misses you.
The quokka attacks as you move away! The quokka barely misses you.
The quokka bites you.
* * * LOW HITPOINT WARNING * * *
You take 1 damage, and have 3/16 hp.
You barely miss the quokka.
The quokka is severely wounded.
The quokka bites you.
You die...

#####......#..8.8#.#....#
#......#............+
#......#8.8....#....#
######......#..._...##+###
#...........#..8.8.8.#
#..........?###......#
#.)......####..8.8...#
#.......†######......#
#........Srh..........
#........##########
#........# #..[.....#
#........# #........#
##########


You could see a quokka and a ball python.

Vanquished Creatures
  2 bats (D:1)
  An endoplasm (D:1)
  A hobgoblin (D:1)
  A frilled lizard (D:1)
5 creatures vanquished.

Notes
Turn   | Place    | Note
-------+----------+-------------------------------------------
     0 | D:1      | Ofeo the Demonspawn Shapeshifter began the quest for the
                  | Orb.
     0 | D:1      | Reached XP level 1. HP: 16/16 MP: 1/1
    16 | D:1      | Found a faded altar of an unknown god.
   132 | D:1      | Slain by a quokka

Illustrated notes

Levels and vault maps discovered:
D:1:      dpeg_arrival_tiny_i, layout_basic, ebering_ecumenical_altar_ruins

Action                     || total
---------------------------++-------
  Melee: Unarmed           ||    22
   Stab: Sleeping          ||     1
 Armour: Animal skin       ||     3
  Dodge: Dodged            ||    24

Table legend: (Time is in decaauts)
 A = Elapsed time spent in this place.
 B = Non-inter-level travel time spent in this place.
 C = Inter-level travel time spent in this place.
 D = Time resting spent in this place.
 E = Time spent auto-exploring this place.
 F = Levels seen in this place.
 G = Mean time per level.
                   A        B        C        D        E       F      G
               +--------+--------+--------+--------+--------+-----+--------+
         Total |    131 |    131 |      0 |      0 |     78 |   1 |  131.0 |
       Dungeon |    131 |    131 |      0 |      0 |     78 |   1 |  131.0 |
               +--------+--------+--------+--------+--------+-----+--------+

Top non-repeatable levels by time:
     D:1: 131 daAuts
